General information
			
			
        
        - name: BNet
 
        - type: Ladder team game (AT/RT)
 
        - host: Battle.net
 
        - saver: DOGSANDHORSE.RU
 
        
map: Dragonblight 
        - players: 6
 
        - length: 31:30
 
        - speed: Fast
 - version: 1.22 W3XP
 - replay type:  

 
» download(208 KB)
Players
        team 1 (loser) 
              
              
Super-Killer (
red | 55 APM | 1735 actions | 31:18)
              
 4 Death Knight 
 2 Death Coil
 2 Unholy Aura
 3 Lich 
 2 Frost Nova
 1 Dark Ritual
 1 Crypt Lord 
 1 Impale
 
                » actions 
                
                | Assign group hotkey | 18 |  | 
| Basic commands | 1 |  | 
| Build / train | 52 |  | 
| Enter build submenu | 24 |  | 
| Enter hero's abilities submenu | 8 |  | 
| Remove unit from queue | 1 |  | 
| Right click | 778 |  | 
| Select / deselect | 407 |  | 
| Select group hotkey | 359 |  | 
| Use ability | 87 |  | 
                1735 total
 » units 
                
                | Acolyte | 7 |  | 
| Ghoul | 3 |  | 
| Crypt Fiend | 7 |  | 
| Obsidian Statue | 2 |  | 
| Frost Wyrm | 3 |  | 
| Meatwagon | 5 |  | 
                27 total
 » upgrades
                
                | Creature Attack | 3 |  | 
| Burrow | 1 |  | 
| Web | 1 |  | 
| Unholy Strength | 1 |  | 
| Freezing Breath | 1 |  | 
                7 total
 » buildings
                
                | Crypt | 1 |  | 
| Graveyard | 1 |  | 
| Ziggurat | 10 |  | 
| Altar of Darkness | 1 |  | 
| Tomb of Relics | 1 |  | 
| Nerubian Tower | 1 |  | 
| Halls of the Dead | 1 |  | 
| Black Citadel | 1 |  | 
| Sacrificial Pit | 1 |  | 
| Slaughterhouse | 1 |  | 
| Boneyard | 2 |  | 
| Spirit Tower | 1 |  | 
| Necropolis | 1 |  | 
                23 total
 » build order
                00:06 Crypt
00:12 Graveyard
00:38 Ziggurat
00:48 Altar of Darkness
01:15 Ziggurat
01:56 Tomb of Relics
02:36 Nerubian Tower
03:12 Ziggurat
04:02 Halls of the Dead
05:09 Ziggurat
07:12 Black Citadel
07:15 Sacrificial Pit
08:16 Slaughterhouse
09:59 Boneyard
10:27 Boneyard
11:16 Ziggurat
11:27 Ziggurat
14:13 Ziggurat
17:09 Ziggurat
17:10 Ziggurat
17:13 Ziggurat
18:15 Spirit Tower
19:44 Necropolis
» items
                
                | Rod of Necromancy | 1 |  | 
| Scroll of Town Portal | 1 |  | 
                2 total
  
               
              
              
Vamp(Noob) (
blue | 48 APM | 1502 actions | 31:29)
              
 2 Blademaster 
 1 Wind Walk
 1 Critical Strike
 3 Shadow Hunter 
 1 Hex
 2 Healing Wave
 
                » actions 
                
                | Assign group hotkey | 37 |  | 
| Basic commands | 6 |  | 
| Build / train | 74 |  | 
| Enter build submenu | 30 |  | 
| Enter hero's abilities submenu | 5 |  | 
| Give item / drop item | 1 |  | 
| Remove unit from queue | 12 |  | 
| Right click | 622 |  | 
| Select / deselect | 411 |  | 
| Select group hotkey | 239 |  | 
| Use ability | 65 |  | 
                1502 total
 » units 
                
                | Peon | 12 |  | 
| Grunt | 4 |  | 
| Troll Witch Doctor | 4 |  | 
| Tauren | 3 |  | 
| Demolisher | 6 |  | 
| Troll Batrider | 6 |  | 
                35 total
 » upgrades
                
                | Witch Doctor Training | 2 |  | 
| Pulverize | 1 |  | 
| Burning Oil | 1 |  | 
| Armor | 3 |  | 
| Reinforced Defenses | 1 |  | 
| Melee Weapons | 2 |  | 
| Spiked Barricades | 1 |  | 
                11 total
 » buildings
                
                | Altar of Storms | 1 |  | 
| Orc Burrow | 8 |  | 
| Barracks | 1 |  | 
| Voodoo Lounge | 1 |  | 
| Stronghold | 3 |  | 
| War Mill | 1 |  | 
| Fortress | 2 |  | 
| Spirit Lodge | 1 |  | 
| Tauren Totem | 2 |  | 
| Great Hall | 2 |  | 
| Beastiary | 2 |  | 
| Watch Tower | 6 |  | 
| Ancient of Wind | 1 |  | 
                31 total
 » build order
                00:09 Altar of Storms
00:23 Orc Burrow
00:48 Barracks
01:34 Voodoo Lounge
02:02 Orc Burrow
03:18 Stronghold
03:18 Stronghold
03:48 Orc Burrow
04:47 War Mill
05:39 Fortress
05:39 Fortress
05:42 Spirit Lodge
06:08 Orc Burrow
06:19 Orc Burrow
08:14 Tauren Totem
08:16 Tauren Totem
08:54 Orc Burrow
10:29 Great Hall
16:25 Orc Burrow
17:11 Orc Burrow
20:42 Beastiary
20:45 Beastiary
25:30 Great Hall
25:33 Watch Tower
25:36 Watch Tower
25:38 Watch Tower
25:41 Watch Tower
26:42 Watch Tower
29:20 Ancient of Wind
29:34 Watch Tower
» items
                
                | Scroll of Speed | 1 |  | 
| Healing Salve | 1 |  | 
| Orb of Lightning | 1 |  | 
                3 total
  
               
              
              
VaPOR-CRaFT (
purple | 30 APM | 804 actions | 27:00)
              
 3 Keeper of the Grove 
 2 Entangling Roots
 1 Thorns Aura
 2 Pandaren Brewmaster 
 1 Drunken Haze
 1 Breath of Fire
 
                » actions 
                
                | Assign group hotkey | 1 |  | 
| Basic commands | 7 |  | 
| Build / train | 58 |  | 
| Enter build submenu | 17 |  | 
| Enter hero's abilities submenu | 5 |  | 
| Remove unit from queue | 5 |  | 
| Right click | 451 |  | 
| Select / deselect | 220 |  | 
| Use ability | 40 |  | 
                804 total
 » units 
                
                | Wisp | 18 |  | 
| Huntress | 5 |  | 
| Dryad | 4 |  | 
| Glaive Thrower | 14 |  | 
                41 total
 » upgrades
                
                | Abolish Magic | 1 |  | 
| Druid of the Claw Training | 1 |  | 
| Vorpal Blades | 1 |  | 
                3 total
 » buildings
                
                | Altar of Elders | 1 |  | 
| Moon Well | 7 |  | 
| Hunter's Hall | 1 |  | 
| Ancient of War | 3 |  | 
| Tree of Ages | 1 |  | 
| Tree of Eternity | 1 |  | 
| Ancient of Lore | 3 |  | 
| Tree of Life | 1 |  | 
                18 total
 » build order
                00:03 Altar of Elders
00:22 Moon Well
01:35 Hunter's Hall
01:40 Ancient of War
01:58 Moon Well
03:28 Tree of Ages
04:25 Moon Well
04:56 Moon Well
05:53 Tree of Eternity
06:09 Ancient of Lore
06:15 Ancient of Lore
06:18 Ancient of Lore
07:35 Moon Well
12:06 Moon Well
12:09 Moon Well
13:08 Tree of Life
13:57 Ancient of War
13:59 Ancient of War
 
               team 2 (winner) 
              
              
AnimalCrackas (
teal | 78 APM | 2464 actions | 31:30)
              
 5 Warden 
 3 Shadow Strike
 2 Blink
 
                » actions 
                
                | Assign group hotkey | 6 |  | 
| Basic commands | 45 |  | 
| Build / train | 59 |  | 
| ESC pressed | 4 |  | 
| Enter build submenu | 23 |  | 
| Enter hero's abilities submenu | 6 |  | 
| Give item / drop item | 2 |  | 
| Right click | 1792 |  | 
| Select / deselect | 367 |  | 
| Select group hotkey | 35 |  | 
| Use ability | 123 |  | 
                2464 total
 » units 
                
                | Wisp | 34 |  | 
| Goblin Zeppelin | 1 |  | 
| Hippogryph | 3 |  | 
                38 total
 » upgrades
                
                | Ultravision | 1 |  | 
| Nature's Blessing | 1 |  | 
| Strength of the Wild | 3 |  | 
| Reinforced Hides | 3 |  | 
| Well Spring | 1 |  | 
| Corrosive Breath | 1 |  | 
                10 total
 » buildings
                
                | Altar of Elders | 1 |  | 
| Moon Well | 11 |  | 
| Ancient of Wonders | 1 |  | 
| Tree of Ages | 1 |  | 
| Hunter's Hall | 1 |  | 
| Ancient Protector | 1 |  | 
| Tree of Life | 2 |  | 
| Tree of Eternity | 1 |  | 
| Ancient of Wind | 2 |  | 
| Chimaera Roost | 4 |  | 
                25 total
 » build order
                00:04 Altar of Elders
00:19 Moon Well
00:56 Moon Well
03:24 Moon Well
04:41 Moon Well
04:45 Ancient of Wonders
05:35 Tree of Ages
05:42 Moon Well
06:14 Hunter's Hall
07:08 Moon Well
08:14 Ancient Protector
10:20 Tree of Life
10:59 Tree of Life
11:27 Tree of Eternity
11:57 Moon Well
11:59 Moon Well
13:48 Moon Well
14:53 Moon Well
15:28 Ancient of Wind
15:32 Ancient of Wind
19:57 Moon Well
22:34 Chimaera Roost
23:55 Chimaera Roost
24:33 Chimaera Roost
26:56 Chimaera Roost
» items
                
                | Boots of Speed | 1 |  | 
| Staff of Teleportation | 1 |  | 
| Orb of Venom | 1 |  | 
                3 total
  
               
              
              
DOGSANDHORSE.RU (
green | 103 APM | 3249 actions | 31:30)
              
 3 Archmage 
 2 Blizzard
 1 Brilliance Aura
 2 Mountain King 
 1 Storm Bolt
 1 Bash
 
                » actions 
                
                | Assign group hotkey | 6 |  | 
| Basic commands | 12 |  | 
| Build / train | 120 |  | 
| Enter build submenu | 93 |  | 
| Enter hero's abilities submenu | 5 |  | 
| Give item / drop item | 1 |  | 
| Right click | 1835 |  | 
| Select / deselect | 451 |  | 
| Select group hotkey | 464 |  | 
| Use ability | 260 |  | 
                3249 total
 » units 
                
                | Peasant | 10 |  | 
| Priest | 1 |  | 
| Dragonhawk Rider | 4 |  | 
| Goblin Zeppelin | 1 |  | 
                16 total
 » upgrades
                
                | Masonry | 3 |  | 
| Magic Sentry | 1 |  | 
| Armor | 3 |  | 
| Animal War Training | 1 |  | 
| Cloud | 1 |  | 
| Swords | 1 |  | 
                10 total
 » buildings
                
                | Farm | 5 |  | 
| Scout Tower | 85 |  | 
| Altar of Kings | 1 |  | 
| Lumber Mill | 1 |  | 
| Arcane Tower | 7 |  | 
| Guard Tower | 59 |  | 
| Keep | 1 |  | 
| Arcane Sanctum | 1 |  | 
| Town Hall | 3 |  | 
| Castle | 1 |  | 
| Arcane Vault | 2 |  | 
| Gryphon Aviary | 3 |  | 
| Blacksmith | 1 |  | 
| Barracks | 1 |  | 
                171 total
 » build order
                00:12 Farm
00:13 Farm
00:35 Scout Tower
00:39 Altar of Kings
00:55 Lumber Mill
01:09 Arcane Tower
01:30 Scout Tower
01:36 Scout Tower
01:58 Guard Tower
02:00 Scout Tower
02:12 Guard Tower
02:13 Guard Tower
02:17 Scout Tower
02:27 Guard Tower
02:27 Guard Tower
02:28 Scout Tower
02:46 Guard Tower
02:48 Scout Tower
02:50 Scout Tower
03:04 Guard Tower
03:21 Scout Tower
03:22 Guard Tower
03:25 Scout Tower
03:26 Scout Tower
03:28 Keep
03:32 Guard Tower
04:04 Guard Tower
04:06 Scout Tower
04:11 Guard Tower
04:18 Scout Tower
04:18 Scout Tower
04:51 Guard Tower
04:53 Scout Tower
04:56 Scout Tower
04:56 Scout Tower
05:24 Guard Tower
05:26 Scout Tower
05:26 Scout Tower
05:27 Scout Tower
06:05 Arcane Sanctum
06:08 Guard Tower
06:11 Scout Tower
06:51 Guard Tower
07:03 Scout Tower
07:05 Scout Tower
07:15 Town Hall
07:19 Scout Tower
07:20 Scout Tower
07:21 Scout Tower
07:54 Guard Tower
08:00 Town Hall
08:07 Scout Tower
08:07 Scout Tower
08:28 Scout Tower
08:33 Scout Tower
08:35 Scout Tower
08:36 Scout Tower
08:52 Castle
08:56 Scout Tower
08:57 Scout Tower
09:00 Guard Tower
09:50 Guard Tower
10:16 Guard Tower
10:22 Scout Tower
10:23 Scout Tower
10:27 Scout Tower
10:59 Guard Tower
11:02 Scout Tower
11:02 Scout Tower
11:05 Guard Tower
11:07 Scout Tower
11:09 Scout Tower
11:10 Guard Tower
11:16 Scout Tower
11:23 Scout Tower
11:24 Scout Tower
11:25 Scout Tower
11:25 Scout Tower
11:26 Scout Tower
11:29 Guard Tower
11:29 Guard Tower
11:31 Scout Tower
11:33 Scout Tower
11:34 Scout Tower
11:35 Scout Tower
11:43 Arcane Tower
11:46 Arcane Tower
11:49 Guard Tower
11:59 Guard Tower
12:10 Farm
12:11 Guard Tower
12:24 Guard Tower
12:24 Guard Tower
12:25 Guard Tower
12:27 Scout Tower
12:28 Scout Tower
12:29 Scout Tower
12:30 Scout Tower
12:31 Scout Tower
12:32 Scout Tower
12:32 Scout Tower
12:41 Arcane Tower
12:50 Guard Tower
12:53 Guard Tower
12:58 Guard Tower
13:04 Guard Tower
13:04 Guard Tower
13:13 Arcane Vault
13:15 Arcane Vault
13:26 Guard Tower
13:47 Guard Tower
13:48 Guard Tower
13:55 Guard Tower
13:56 Guard Tower
14:01 Guard Tower
14:02 Scout Tower
14:04 Scout Tower
14:28 Guard Tower
14:35 Guard Tower
15:08 Guard Tower
15:23 Scout Tower
15:24 Scout Tower
16:03 Scout Tower
16:37 Scout Tower
17:00 Guard Tower
17:04 Guard Tower
17:10 Scout Tower
17:18 Scout Tower
17:23 Guard Tower
18:09 Guard Tower
18:50 Scout Tower
18:51 Scout Tower
19:00 Scout Tower
19:06 Gryphon Aviary
19:07 Gryphon Aviary
19:10 Gryphon Aviary
19:12 Blacksmith
19:13 Barracks
19:21 Guard Tower
19:31 Arcane Tower
19:32 Scout Tower
20:02 Arcane Tower
20:32 Farm
20:33 Farm
25:30 Town Hall
25:37 Scout Tower
25:38 Scout Tower
25:38 Scout Tower
25:39 Scout Tower
25:40 Scout Tower
25:40 Scout Tower
26:56 Guard Tower
26:57 Guard Tower
26:58 Scout Tower
26:59 Scout Tower
27:00 Scout Tower
27:00 Scout Tower
27:30 Guard Tower
27:41 Scout Tower
27:42 Scout Tower
27:43 Scout Tower
27:44 Scout Tower
27:46 Scout Tower
27:57 Guard Tower
28:49 Arcane Tower
28:49 Guard Tower
28:49 Guard Tower
28:50 Guard Tower
28:53 Guard Tower
29:53 Guard Tower
» items
                
                | Healing Salve | 3 |  | 
| Lesser Clarity Potion | 1 |  | 
| Scroll of Town Portal | 2 |  | 
| Boots of Speed | 2 |  | 
| Potion of Lesser Invulnerability | 1 |  | 
| Staff of Teleportation | 1 |  | 
| Staff of Sanctuary | 2 |  | 
| Scroll of Regeneration | 1 |  | 
| Orb of Lightning | 1 |  | 
                14 total
  
               
              
              
JaEdOnG420 (
orange | 92 APM | 2897 actions | 31:30)
              
 3 Shadow Hunter 
 2 Hex
 1 Healing Wave
 2 Pandaren Brewmaster 
 1 Breath of Fire
 1 Drunken Brawler
 
                » actions 
                
                | Assign group hotkey | 10 |  | 
| Basic commands | 51 |  | 
| Build / train | 59 |  | 
| ESC pressed | 2 |  | 
| Enter build submenu | 74 |  | 
| Enter hero's abilities submenu | 6 |  | 
| Give item / drop item | 5 |  | 
| Right click | 1538 |  | 
| Select / deselect | 222 |  | 
| Select group hotkey | 669 |  | 
| Use ability | 259 |  | 
                2897 total
 » units 
                » upgrades
                
                | Spiked Barricades | 1 |  | 
| Reinforced Defenses | 1 |  | 
| Liquid Fire | 1 |  | 
| Ranged Weapons | 3 |  | 
| Armor | 3 |  | 
                9 total
 » buildings
                
                | Altar of Storms | 1 |  | 
| Orc Burrow | 4 |  | 
| War Mill | 1 |  | 
| Watch Tower | 69 |  | 
| Voodoo Lounge | 3 |  | 
| Great Hall | 1 |  | 
| Stronghold | 2 |  | 
| Beastiary | 2 |  | 
| Fortress | 1 |  | 
| Barracks | 1 |  | 
                85 total
 » build order
                00:08 Altar of Storms
00:11 Orc Burrow
00:22 War Mill
01:27 Orc Burrow
02:01 Watch Tower
02:26 Watch Tower
02:51 Watch Tower
03:09 Voodoo Lounge
03:24 Voodoo Lounge
03:27 Voodoo Lounge
03:32 Watch Tower
04:08 Watch Tower
04:22 Watch Tower
04:50 Watch Tower
05:01 Watch Tower
05:14 Watch Tower
05:30 Great Hall
05:55 Watch Tower
06:05 Watch Tower
06:07 Watch Tower
07:10 Watch Tower
07:13 Watch Tower
07:23 Watch Tower
07:23 Watch Tower
07:24 Watch Tower
07:25 Watch Tower
07:25 Watch Tower
07:26 Watch Tower
08:07 Stronghold
08:15 Watch Tower
09:21 Watch Tower
09:25 Watch Tower
10:56 Beastiary
10:58 Beastiary
11:58 Orc Burrow
11:58 Orc Burrow
12:02 Watch Tower
12:02 Watch Tower
12:02 Watch Tower
12:04 Watch Tower
12:05 Watch Tower
12:06 Watch Tower
12:08 Fortress
12:12 Watch Tower
12:13 Watch Tower
14:22 Watch Tower
14:25 Watch Tower
14:29 Watch Tower
14:30 Watch Tower
14:31 Watch Tower
15:34 Watch Tower
15:35 Watch Tower
17:49 Watch Tower
17:51 Watch Tower
17:52 Watch Tower
18:47 Watch Tower
18:48 Watch Tower
19:50 Watch Tower
19:51 Watch Tower
19:52 Watch Tower
19:53 Watch Tower
20:05 Watch Tower
20:06 Watch Tower
24:11 Watch Tower
24:11 Watch Tower
24:13 Watch Tower
24:13 Watch Tower
24:32 Watch Tower
25:22 Watch Tower
25:23 Watch Tower
25:37 Watch Tower
25:38 Watch Tower
26:38 Watch Tower
26:38 Watch Tower
26:59 Watch Tower
27:00 Watch Tower
27:17 Watch Tower
27:18 Watch Tower
28:16 Watch Tower
28:26 Barracks
29:25 Watch Tower
29:26 Watch Tower
29:27 Watch Tower
29:28 Watch Tower
» items
                
                | Staff of Teleportation | 2 |  | 
| Boots of Speed | 2 |  | 
| Healing Salve | 3 |  | 
| Lesser Clarity Potion | 3 |  | 
| Orb of Lightning | 2 |  | 
| Staff of Sanctuary | 2 |  | 
                14 total
  
                Chat log
          (00:07 / All) AnimalCrackas: ~*~Fight With Honor And Have Excellent Manner~*~
(00:13 / All) Vamp(Noob): lol
(00:27 / All) Super-Killer: fight with ur dick and be a jerk
(01:50 / Allies) JaEdOnG420: gimme some lum, bros.
(09:18 / All) DOGSANDHORSE.RU: as i recall you seem to enjoy towers purp
(09:29 / All) VaPOR-CRaFT: eh?
(09:30 / All) DOGSANDHORSE.RU: HAHAHAHHAHAHAHAHAHAHHAHAHAHAHHAHAHAHAHA
(09:34 / All) AnimalCrackas: ~*~Fight With Honor And Have Excellent Manner~*~
(09:39 / All) Vamp(Noob): faggots
(09:47 / All) Vamp(Noob): suck my dick with honor
(10:02 / All) DOGSANDHORSE.RU: (40:15 / All) VaPoR-CrAfT: i need a fucking cigarette
(10:08 / All) DOGSANDHORSE.RU: (40:40 / All) VaPoR-CrAfT: ur strat sucks so much that i like it
(10:28 / All) VaPOR-CRaFT: u faggots
(10:32 / All) Vamp(Noob): y dont u just suck his dick
(14:26 / All) VaPOR-CRaFT: do u faggots really enjoy played 2 hours games over and over
(14:32 / All) DOGSANDHORSE.RU: http://highper.ch/ :)
(14:39 / All) Super-Killer: green stfu
(26:48 / All) DOGSANDHORSE.RU: Yeowch
(27:05 / All) AnimalCrackas: why
(27:12 / All) Super-Killer: cause hes gay
(27:27 / All) AnimalCrackas: no joke
(27:33 / All) AnimalCrackas: did you tell him to
(27:34 / All) AnimalCrackas: ~*~Fight With Honor And Have Excellent Manner~*~
(28:23 / All) DOGSANDHORSE.RU: lmfao noob
(28:35 / All) Super-Killer: 1v1?
(28:38 / All) DOGSANDHORSE.RU: 3v3?
(28:41 / All) DOGSANDHORSE.RU: sorry, 3v2
(28:53 / All) Super-Killer: sry 3v3 doesnt tell whos noob and who isnt
(28:55 / All) Super-Killer: only 1v1 does
(28:58 / All) JaEdOnG420: you noob
(28:59 / All) DOGSANDHORSE.RU: sorry think it does
(29:00 / All) JaEdOnG420: we isnt.
(29:00 / All) AnimalCrackas: 1v1
(29:02 / All) AnimalCrackas: 1v1
(29:02 / All) DOGSANDHORSE.RU: you da noob
(29:03 / All) Super-Killer: ya solo me
(29:03 / All) AnimalCrackas: i own you
(29:08 / All) AnimalCrackas: like you aint no pice of shit
(29:17 / All) Super-Killer: k
(29:19 / All) Super-Killer: after game
(29:19 / All) AnimalCrackas: will that asssuage your shame
(29:21 / All) Super-Killer: we 1v1
(29:21 / All) AnimalCrackas: over losing this
(29:40 / All) DOGSANDHORSE.RU: you'll realize we are also secret pro
(29:47 / All) DOGSANDHORSE.RU: and you won't feel bad about losing to towers anymore
(29:48 / All) Super-Killer: ya 3s pros
(30:07 / All) Super-Killer: I dont feel bad to loosing i play for fun
(30:14 / All) DOGSANDHORSE.RU: you spell for fun too?
(30:15 / All) AnimalCrackas: so do we
(30:18 / All) AnimalCrackas: the difference is we win
(30:29 / All) DOGSANDHORSE.RU: you lose wyrms to towers for fun?
(30:35 / All) Super-Killer: ya
(31:25 / All) JaEdOnG420: what cghannnel